 Dungeon Crawl Stone Soup version 0.25.1-2-g60ff931df9 (webtiles) character file.

Game seed: 15041640185305098797

822294 DearestLeader the Middleweight Champion (level 27, -4/227 HPs)
             Began as a Demonspawn Gladiator on Oct 11, 2020.
             Was the Champion of Qazlal.
             Slain by an Ice Fiend (7 damage)
             ... on level 7 of Cocytus on Oct 12, 2020.
             The game lasted 04:21:05 (71981 turns).

DearestLeader the Middleweight Champion (DsGl)     Turns: 71981, Time: 04:21:07

Health: -4/227     AC: 39    Str: 26    XL:     27
Magic:  0/35       EV: 22    Int: 16    God:    Qazlal [******]
Gold:   10700      SH:  8    Dex: 16    Spells: 26/26 levels left

rFire    + + +     SeeInvis +     - Unarmed
rCold    + + +     Gourm    .   (no shield)
rNeg     + . .     Faith    .   U - +9 gold dragon scales
rPois    +         Spirit   +   (helmet restricted)
rElec    .         Reflect  .   R - +2 cloak {MR+}
rCorr    .         Harm     .   (gloves unavailable)
MR       ++++.                  k - +0 pair of boots
Stlth    ..........             A - amulet of guardian spirit
HPRegen  2.47/turn              L - ring of the Sparrow {rPois rF+ rN+ Int+4}
MPRegen  0.24/turn              J - ring "Foamod" {rPois rC++ MR+ SInv}

@: repel missiles
A: claws 3, horns 1, agile 1, fire resistance 1, hurl damnation, foul stench 2,
sense surroundings 1, powered by death 3, rot immunity, flame cloud immunity,
MP-powered wands, sturdy frame 3
}: 6/15 runes: decaying, slimy, silver, obsidian, abyssal, gossamer
a: Hurl Damnation, Upheaval, Elemental Force, Disaster Area, Renounce Religion


You were on level 7 of Cocytus.
You worshipped Qazlal.
Qazlal was exalted by your worship.
You were not hungry.

You visited 13 branches of the dungeon, and saw 65 of its levels.
You visited the Abyss 2 times.
You also visited: Sewer and Ice Cave.

You collected 12101 gold pieces.
You spent 1401 gold pieces at shops.

Inventory:

Missiles
 d - 6 throwing nets (quivered)
Armour
 k - a +0 pair of boots (worn)
 R - a +2 cloak of magic resistance (worn)
 T - a +2 helmet of intelligence
 U - +9 gold dragon scales (worn)
Jewellery
 m - an uncursed ring of resist corrosion
 o - an uncursed ring of see invisible
 u - the ring of Xom's Recklessness {rN+ SInv}
   (You found it on level 5 of the Pits of Slime)

   [ring of see invisible]

   It protects you from negative energy.
   It lets you see invisible.
 w - the ring of Xucoalura {+Blink MP+9 Str+6}
   (You took it off a frost giant on level 5 of the Vaults)

   [ring of strength]

   It affects your strength (+6).
   It affects your magic capacity (+9).
   It lets you blink.
 A - an amulet of guardian spirit (around neck)
 B - an uncursed ring of positive energy
 G - an uncursed ring of protection from cold
 H - the ring "Xuinuveo" {MR+ Str+4 Stlth+}
   (You took it off a deep elf mage on level 3 of the Elven Halls)

   [ring of stealth]

   It affects your strength (+4).
   It affects your resistance to hostile enchantments.
   It makes you more stealthy.
 J - the ring "Foamod" (right claw) {rPois rC++ MR+ SInv}
   (You took it off Asmodeus on level 7 of Gehenna)

   [ring of protection from magic]

   It greatly protects you from cold.
   It protects you from poison.
   It affects your resistance to hostile enchantments.
   It lets you see invisible.
 L - the ring of the Sparrow (left claw) {rPois rF+ rN+ Int+4}
   (You acquired it on level 3 of the Depths)

   [ring of protection from fire]

   It affects your intelligence (+4).
   It protects you from fire.
   It protects you from poison.
   It protects you from negative energy.
 M - the ring of Henurcheagi {+Blink rC+ Slay+3}
   (You took it off a deep elf annihilator on level 3 of the Elven Halls)

   [ring of protection from cold]

   It affects your accuracy and damage with ranged weapons and melee attacks
   (+3).
   It protects you from cold.
   It lets you blink.
 S - an uncursed amulet of reflection
 V - an uncursed ring of positive energy
Wands
 i - a wand of digging (19)
 I - a wand of flame (121)
 O - a wand of iceblast (10)
 P - a wand of paralysis (17)
 W - a wand of acid (22)
 Z - a wand of enslavement (23)
Scrolls
 b - 3 scrolls of silence
 c - 3 scrolls of summoning
 e - 13 scrolls of fear
 h - 19 scrolls of teleportation
 r - 24 scrolls of remove curse
 y - 4 scrolls of amnesia
 E - 9 scrolls of immolation
 F - 4 scrolls of magic mapping
 K - 3 scrolls of fog
 X - 3 scrolls of identify
Potions
 j - 4 potions of mutation
 l - 2 potions of haste
 n - 2 potions of might
 p - 7 potions of berserk rage
 q - 5 potions of magic
 t - 11 potions of stabbing
 v - 4 potions of ambrosia
 z - 3 potions of cancellation
 C - 6 potions of brilliance
 D - 13 potions of curing
 Q - a potion of flight
 Y - a potion of resistance
Miscellaneous
 x - a lightning rod (4/4)
Comestibles
 f - 77 rations


   Skills:
 * Level 20.8 Fighting
   Level 3.5 Maces & Flails
   Level 2.6 Polearms
 - Level 1.7 Throwing
 + Level 22.5 Armour
 + Level 21.3 Dodging
   Level 5.0 Shields
 O Level 27 Unarmed Combat
 + Level 16.9 Invocations
 - Level 2.4 Evocations


You had 26 spell levels left.
You didn't know any spells.
Your spell library contained the following spells:

 Spells                   Type           Power        Failure   Level  Hunger
 Animate Skeleton         Necr           N/A          65%         1    ##.....
 Corona                   Hex            #......      65%         1    ##.....
 Foxfire                  Conj/Fire      #...         65%         1    ##.....
 Freeze                   Ice            #...         65%         1    ##.....
 Infusion                 Chrm           #...         65%         1    ##.....
 Magic Dart               Conj           #...         65%         1    ##.....
 Pain                     Necr           #...         65%         1    ##.....
 Sandblast                Erth           #.....       65%         1    ##.....
 Shock                    Conj/Air       #...         65%         1    ##.....
 Sting                    Tmut/Pois      #...         65%         1    ##.....
 Summon Butterflies       Summ           #.......     65%         1    ##.....
 Summon Small Mammal      Summ           #...         65%         1    ##.....
 Blink                    Tloc           N/A          80%         2    ###....
 Call Imp                 Summ           #.......     80%         2    ###....
 Corpse Rot               Necr/Air       N/A          80%         2    ###....
 Ensorcelled Hibernation  Hex/Ice        #.....       80%         2    ###....
 Passwall                 Tmut/Erth      #.......     80%         2    ###....
 Poisonous Vapours        Pois/Air       #.....       80%         2    ###....
 Searing Ray              Conj           #.....       80%         2    ###....
 Slow                     Hex            #.......     80%         2    ###....
 Sticks to Snakes         Tmut           #.......     80%         2    ###....
 Sublimation of Blood     Necr           #.........   80%         2    ###....
 Swiftness                Chrm/Air       #.......     80%         2    ###....
 Call Canine Familiar     Summ           #.......     95%         3    ####...
 Confusing Touch          Hex            #.......     95%         3    ####...
 Conjure Flame            Conj/Fire      #.......     95%         3    ####...
 Dazzling Flash           Conj/Hex       #.....       95%         3    ####...
 Frozen Ramparts          Ice            #.....       95%         3    ####...
 Gell's Gravitas          Tloc           #.........   95%         3    ####...
 Ignite Poison            Fire/Tmut/Pois #.......     95%         3    ####...
 Inner Flame              Hex/Fire       #.......     95%         3    ####...
 Mephitic Cloud           Conj/Pois/Air  #.......     95%         3    ####...
 Ozocubu's Armour         Chrm/Ice       #.......     95%         3    ####...
 Static Discharge         Conj/Air       #.......     95%         3    ####...
 Stone Arrow              Conj/Erth      #.....       95%         3    ####...
 Summon Guardian Golem    Hex/Summ       #.......     95%         3    ####...
 Tukima's Dance           Hex            #.......     95%         3    ####...
 Vampiric Draining        Necr           #.........   95%         3    ####...
 Airstrike                Air            #.........   100%        4    #####..
 Animate Dead             Necr           N/A          100%        4    #####..
 Cause Fear               Hex            #.........   100%        4    #####..
 Dispel Undead            Necr           #.......     100%        4    #####..
 Fulminant Prism          Conj/Hex       #.........   100%        4    #####..
 Hailstorm                Conj/Ice       #.......     100%        4    #####..
 Iskenderun's Mystic Bla  Conj/Tloc      #.......     100%        4    #####..
 Leda's Liquefaction      Hex/Erth       #.........   100%        4    #####..
 Passage of Golubria      Tloc           N/A          100%        4    #####..
 Petrify                  Tmut/Erth      #.......     100%        4    #####..
 Summon Ice Beast         Ice/Summ       #.......     100%        4    #####..
 Summon Lightning Spire   Summ/Air       #.......     100%        4    #####..
 Agony                    Necr           #.......     100%        5    ######.
 Blade Hands              Tmut           #.........   100%        5    ######.
 Bolt of Magma            Conj/Fire/Erth #.........   100%        5    ######.
 Excruciating Wounds      Chrm/Necr      #.........   100%        5    ######.
 Fireball                 Conj/Fire      #.........   100%        5    ######.
 Iskenderun's Battlesphe  Conj/Chrm      #.......     100%        5    ######.
 Lee's Rapid Deconstruct  Erth           #.........   100%        5    ######.
 Lightning Bolt           Conj/Air       #.........   100%        5    ######.
 Metabolic Englaciation   Hex/Ice        #.........   100%        5    ######.
 Silence                  Hex/Air        #.........   100%        5    ######.
 Summon Mana Viper        Hex/Summ       #.......     100%        5    ######.
 Yara's Violent Unravell  Hex/Tmut       #.........   100%        5    ######.
 Darkness                 Hex            #.........   100%        6    #######
 Freezing Cloud           Conj/Ice/Air   #.........   100%        6    #######
 Invisibility             Hex            #.......     100%        6    #######
 Iron Shot                Conj/Erth      #.........   100%        6    #######
 Starburst                Conj/Fire      #.........   100%        6    #######
 Dragon Form              Tmut           #.........   100%        7    #######
 Haunt                    Necr/Summ      #.........   100%        7    #######
 Orb of Destruction       Conj           #.........   100%        7    #######
 Ring of Flames           Chrm/Fire      #.........   100%        7    #######
 Spellforged Servitor     Conj/Summ      #.........   100%        7    #######
 Summon Hydra             Summ           #.........   100%        7    #######
 Borgnjor's Revivificati  Necr           #.........   100%        8    #######
 Death's Door             Chrm/Necr      #.........   100%        8    #######
 Discord                  Hex            #.........   100%        8    #######
 Ignition                 Fire           #.........   100%        8    #######
 Infestation              Necr           #.........   100%        8    #######
 Necromutation            Tmut/Necr      #.........   100%        8    #######
 Dragon's Call            Summ           #.........   100%        9    #######
 Shatter                  Erth           #.........   100%        9    #######
 Tornado                  Air            #.........   100%        9    #######


Dungeon Overview and Level Annotations

Branches:
Dungeon (15/15)            Temple (1/1) D:6            Lair (6/6) D:11
  Swamp (4/4) Lair:3       Spider (4/4) Lair:2        Slime (5/5) Lair:6
    Orc (2/2) D:9             Elf (3/3) Orc:2        Vaults (5/5) D:13
  Crypt (0/3) Vaults:3     Depths (5/5) D:15           Hell (visited)
    Dis (0/7) Hell            Geh (7/7) Hell            Coc (7/7) Hell
    Tar (0/7) Hell            Zot (0/5) Depths:5      Sewer (visited)
  IceCv (visited)

Altars:
Ashenzari
Cheibriados
Dithmenos
Elyvilon
Fedhas
Gozag
Hepliaklqana
Kikubaaqudgha
Makhleb
Nemelex Xobeh
Okawaru
Qazlal
Ru
Sif Muna
Trog
Uskayaw
Vehumet
Wu Jian
Xom
Yredelemnul
Zin
The Shining One
Beogh
Jiyva

Shops:
D:6 %   D:15 !   Orc:2 ?[([   Elf:1 (   Elf:3 !   Vaults:1 :   Vaults:2 *
Depths:5 *

Portals:
Hell: Depths:1 Depths:2 Depths:3 Depths:4 Depths:5
Abyss: Depths:3 Depths:4 Depths:5
Pandemonium: Depths:2 Depths:3 Depths:4* Depths:5
Ziggurat: Depths:2
Trove: Vaults:4 (give 2 scrolls of acquirement)

Annotations:
Lair:2 3 runed translucent doors, generaletaddeo's ghost, novice VSCj
Swamp:4 exclusion: oklob plant
Vaults:3 1 runed translucent door, Xafer's ghost, adept DsGl


Innate Abilities, Weirdness & Mutations

You have claws for hands.
Your flesh is heat resistant. (rF+)
You can hurl damnation.
You frequently emit foul miasma when damaged in melee.
You regenerate a lot of health from kills.
You are immune to rotting.
You are immune to clouds of flame.
Your movements are significantly less encumbered by armour. (ER -6)
You have a pair of small horns on your head.
You are agile. (Dex +2)
You passively map a small area around you.
You expend magic power (3 MP) to strengthen your wands.


Message History

You hear a hideous shriek!
The flying skull barely misses you.
You scratch the flying skull.
The flying skull is lightly damaged.
You claw the flying skull!
The flying skull is moderately damaged.
The flying skull misses you.
You eviscerate the flying skull!!!
You destroy the flying skull!
Qazlal accepts your kill.
You claw the Ice Fiend!
The Ice Fiend is lightly wounded.
You hear a roar! x2
You claw the Ice Fiend!
The Ice Fiend is lightly wounded.
You hear a roar!
The Ice Fiend claws you!
* * * LOW HITPOINT WARNING * * *
The Ice Fiend freezes you! You resist.
You die...

≈≈≈≈≈≈≈≈≈≈≈≈≈≈≈≈≈≈≈≈≈..≈≈ ,
≈ ≈≈≈≈2≈≈≈≈≈≈≈≈≈≈z≈≈≈≈≈≈...
≈≈≈≈≈≈≈≈≈≈≈≈≈≈≈≈≈≈≈≈≈≈≈≈.
≈≈≈≈≈≈≈≈≈≈≈≈≈≈1≈≈≈≈≈≈≈≈≈≈≈
≈≈≈≈≈≈≈≈≈≈≈≈≈≈≈≈≈≈≈≈≈≈≈≈≈≈≈
≈≈≈≈≈≈≈≈≈........≈≈≈≈≈≈≈≈≈≈
≈
≈≈≈≈≈≈≈≈............≈≈≈≈≈≈≈≈
≈≈≈≈≈≈≈...###'###...≈≈≈≈≈≈≈≈
≈≈≈≈≈≈...##@1...##..^≈≈≈≈≈≈≈
≈
≈≈≈≈≈≈...#○§§....#...≈≈≈≈≈≈≈
≈
≈≈≈≈≈≈...○.°.∩.∩.'...≈≈≈≈≈≈≈
≈≈≈≈≈≈...#...[...#...≈≈≈≈≈≈≈
≈≈≈≈≈≈...##.†...##...≈≈≈≈≈≈≈
≈≈≈≈≈≈≈...###[###...≈≈≈≈≈≈≈≈
≈≈≈≈≈≈≈≈....[.).....≈≈≈≈≈≈≈≈
≈≈≈≈≈≈≈≈≈.........≈≈≈≈≈≈≈...
≈≈≈≈z≈≈≈≈≈≈≈≈≈≈≈≈≈≈≈≈≈≈≈≈...


You could see an Ice Fiend.

Vanquished Creatures
  Asmodeus (Geh:7)
  the Royal Jelly (Slime:5)
  3 ancient liches
  Mara (Spider:4)
  Boris (Depths:4)
  4 shard shrikes
  Nikola (Spider:3)
  Geryon (Hell)
  3 golden dragons
  Jory (Depths:5)
  the Enchantress (Depths:3)
  7 bone dragons
  16 Brimstone Fiends
  Jorgrun (Swamp:2)
  A Hell Sentinel (Abyss:4)
  6 tentacled monstrosities
  15 Ice Fiends
  16 liches
  3 deep elf blademasters
  Murray (Hell)
  2 deep elf master archers (Elf:3)
  24 acid blobs
  4 quicksilver dragons
  A kraken (Abyss:4)
  An Executioner (Abyss:3)
  5 sphinxes
  2 ancient champions (Depths:1)
  13 tentacled starspawn
  40 large abominations
  2 thorn hunters
  6 shadow dragons
  2 revenants
  Donald (Spider:2)
  5 tengu reavers
  Agnes (Spider:1)
  12 azure jellies
  A fire giant (shapeshifter) (Vaults:4)
  9 deep elf sorcerers
  2 daevas (Depths:2)
  8 fire giants
  2 orc warlords
  6 ghost moths
  12 balrugs
  12 frost giants
  2 draconian shifters (Depths:5)
  Aizul (Spider:4)
  2 iron dragons (Vaults:5)
  2 cacodemons
  9 emperor scorpions
  11 vault wardens
  9 deep elf elementalists
  Louise (Spider:2)
  A ghoul (Swamp:1)
  20 ironheart preservers
  25 very ugly things
  5 elemental wellsprings
  A draconian annihilator (Depths:5)
  20 stone giants
  3 war gargoyles
  13 reapers
  6 entropy weavers
  7 spriggan defenders
  4 vampire knights
  The ghost of DearestLeader the Basher, a journeyman DsGl of Qazlal (D:9)
  A black draconian (Depths:5)
  53 starcursed masses
  6 deep elf demonologists
  5 deep elf annihilators
  A lorocyproca (Hell)
  2 white draconians (Depths:5)
  9 spark wasps
  A purple draconian (Depths:5)
  2 yellow draconians
  Azrael (D:13)
  A dire elephant (D:15)
  2 red draconians
  2 eidola
  9 death oozes
  Snorg (Lair:6)
  11 deep elf death magi
  15 ettins
  A green death (Abyss:2)
  6 quicksilver dragon zombies
  16 blizzard demons
  12 fire dragons
  A crystal guardian (Vaults:4)
  2 jiangshi
  A kraken zombie (Coc:7)
  Josephine (Swamp:1)
  3 deep elf high priests
  5 quicksilver dragon skeletons
  A merfolk impaler (Abyss:5)
  15 great orbs of eyes
  23 yaktaur captains
  21 small abominations
  3 spriggan air magi
  16 ice dragons
  8 rakshasas
  An ice dragon (shapeshifter) (Vaults:4)
  An anaconda (shapeshifter) (Vaults:5)
  A ghost crab (Swamp:4)
  17 hydras
  32 vault guards
  2 catoblepae
  7 centaur warriors
  3 shambling mangroves
  6 death yaks
  28 dancing weapons
  16 alligators
  A death knight (Vaults:4)
  19 ogre magi
  25 two-headed ogres
  5 tengu warriors
  A vampire mage (Depths:4)
  12 deep troll shamans
  5 spriggan berserkers
  34 hell hogs
  An orc high priest (Orc:1)
  16 deep troll earth magi
  Sonja (D:12)
  2 titan zombies
  39 hell knights
  9 thrashing horrors
  32 deep elf knights
  38 skeletal warriors
  13 soul eaters
  3 fire crabs
  6 titan skeletons
  2 iron golems
  5 shadow wraiths
  A storm dragon zombie (Geh:4)
  A spectral minotaur (Depths:3)
  17 sun demons
  A spectral anaconda (Depths:3)
  4 anaconda zombies
  A death drake (shapeshifter) (Vaults:1)
  5 iron trolls
  8 wretched stars
  2 sixfirhies
  2 storm dragon skeletons
  2 golden dragon zombies
  3 spriggan druids
  2 unseen horrors
  33 deep trolls
  5 glowing orange brains
  13 flayed ghosts
  3 death drakes (Depths:3)
  A swamp dragon (shapeshifter) (Depths:4)
  23 deep elf archers
  6 swamp dragons
  3 spectral hydras (Swamp:4)
  3 spatial maelstroms
  14 ironbrand convokers
  7 wizards
  3 anaconda skeletons
  10 harpies
  An infernal demonspawn (Depths:2)
  10 orc knights
  2 orange crystal statues (Depths:3)
  11 phantasmal warriors
  2 golden dragon skeletons
  6 shadow dragon zombies
  2 wolf spider zombies
  17 necromancers
  78 deep elf magi
  3 lindwurms
  5 shining eyes
  3 mana vipers
  22 orb spiders
  7 orc sorcerers
  36 ugly things
  8 cyclopes
  4 fire giant zombies
  6 shadow dragon skeletons
  2 stone giant zombies
  26 wolf spiders
  A sphinx skeleton (Vaults:1)
  A salamander (Depths:4)
  3 worldbinders
  A manticore (D:15)
  3 moths of wrath (Spider:4)
  3 frost giant zombies
  2 iron dragon zombies (Geh:7)
  4 dire elephant zombies
  6 stone giant skeletons
  2 manticores (shapeshifter)
  14 rust devils
  2 ice statues
  A black mamba (Lair:6)
  A guardian serpent (shapeshifter) (Depths:1)
  11 molten gargoyles
  9 dire elephant skeletons
  5 centaur skeletons
  11 vault sentinels
  A gargoyle (D:12)
  18 smoke demons
  6 fire giant skeletons
  A spiny frog (shapeshifter) (D:13)
  2 orange demons
  5 frost giant skeletons
  7 torpor snails
  A shock serpent skeleton (Geh:2)
  A catoblepas zombie (Geh:7)
  A titan simulacrum (Coc:6)
  Maggie (D:10)
  18 spiny frogs
  A yaktaur zombie (Vaults:2)
  22 hellions
  10 tormentors
  A komodo dragon (shapeshifter) (Vaults:2)
  3 efreet
  2 rime drakes (Lair:3)
  50 yaktaurs
  28 freezing wraiths
  11 demonic crawlers
  2 guardian mummies (Vaults:4)
  8 anaconda simulacra
  A yaktaur (shapeshifter) (Depths:2)
  9 komodo dragons
  A polar bear (shapeshifter) (Vaults:2)
  17 ice devils
  9 polar bears (Lair:6)
  8 ancient zymes
  A hellwing (Abyss:2)
  2 spectral merfolk (Depths:3)
  12 hydra zombies
  A jumping spider (shapeshifter) (Vaults:3)
  A harpy zombie (Geh:7)
  2 meliai (shapeshifter) (Vaults:4)
  A catoblepas skeleton (Geh:2)
  A tengu conjurer (D:15)
  7 trolls
  10 tyrant leeches
  18 red devils
  40 jumping spiders
  24 hornets
  A troll (shapeshifter) (Vaults:4)
  2 death drake zombies (Swamp:4)
  14 bog bodies
  4 harpy skeletons
  A raiju (shapeshifter) (Abyss:3)
  A slime creature (shapeshifter) (Vaults:2)
  81 slime creatures
  7 hydra skeletons
  11 hippogriffs
  A shadow dragon simulacrum (Coc:6)
  An ice dragon zombie (Hell)
  A meliai zombie (D:14)
  18 raiju
  2 ettin skeletons
  6 blink frogs
  A snapping turtle (shapeshifter) (Depths:4)
  3 fire dragon zombies
  3 alligator zombies
  4 ettin zombies
  3 blink frogs (shapeshifter)
  3 alligator skeletons
  58 flying skulls
  40 wraiths
  11 spriggans
  A spriggan (shapeshifter) (Vaults:4)
  A black mamba zombie (Geh:4)
  78 redbacks
  4 dire elephant simulacra (IceCv)
  3 fire dragon skeletons
  An ice dragon skeleton (Geh:5)
  33 tarantellas
  23 water elementals
  3 air elementals
  A tarantella (shapeshifter) (D:15)
  31 fire elementals
  4 ynoxinuls
  2 hogs (shapeshifter)
  A yak (shapeshifter) (Vaults:3)
  8 vampires
  3 hogs
  A basilisk (shapeshifter) (Vaults:2)
  Eustachio (D:5)
  9 chaos spawn
  7 fire bats
  40 yaks
  23 shadows
  2 basilisks
  3 black mamba skeletons
  2 humans (shapeshifter)
  A golden eye (shapeshifter) (Vaults:1)
  2 steam dragons
  A wyvern (D:9)
  11 golden eyes
  A human (D:7)
  19 vampire mosquitoes
  12 neqoxecs
  6 harpy simulacra (IceCv)
  5 hungry ghosts
  A minotaur simulacrum (Depths:3)
  5 insubstantial wisps (Swamp:4)
  A merfolk zombie (Geh:6)
  A spatial vortex (Abyss:3)
  14 swamp worms
  2 soldier ants
  19 wargs
  58 hell hounds
  3 iron troll simulacra (IceCv)
  5 water moccasins
  7 spiny frog zombies
  Duvessa (D:5)
  3 floating eyes
  9 hydra simulacra
  4 sky beasts
  3 spectral trolls (Depths:3)
  5 spiny frog skeletons
  12 swamp drakes
  A torturous demonspawn skeleton (Coc:5)
  19 ice beasts
  34 orc warriors
  2 snapping turtle zombies
  2 spectral spriggans (Depths:3)
  3 swamp dragon zombies
  2 elephant zombies (Lair:3)
  5 porcupines
  2 alligator simulacra
  13 black bears
  8 eyes of draining
  3 human zombies
  15 necrophages
  32 ogres
  6 phantoms
  An ogre (shapeshifter) (D:13)
  18 centaurs
  24 wolves
  8 boggarts
  A manticore skeleton (Geh:6)
  3 snapping turtle skeletons
  13 crocodiles
  4 swamp dragon skeletons
  Blork the orc (D:5)
  3 big kobolds
  14 bullfrogs
  2 big kobolds (shapeshifter)
  3 wyvern zombies
  2 deep troll simulacra
  5 earth elementals
  A yaktaur skeleton (Vaults:1)
  A merfolk simulacrum (Depths:3)
  A spiny frog simulacrum (Coc:4)
  Dowan (D:5)
  A wyvern skeleton (D:10)
  5 scorpions
  A water moccasin zombie (D:9)
  52 wights
  14 killer bees
  3 spectral ogres (Depths:3)
  2 swamp dragon simulacra
  7 howler monkeys
  A spectral centaur (Depths:3)
  A troll skeleton (Geh:2)
  6 electric eels
  A lava snake (Elf:2)
  A bullfrog zombie (D:13)
  8 crimson imps
  3 centaur zombies
  4 quasits
  Crazy Yiuf (D:3)
  6 hounds
  29 orc priests
  3 iron imps
  7 jellies
  24 orc wizards
  A bullfrog skeleton (D:12)
  Jessica (D:2)
  3 iguanas
  Ijyb (D:3)
  An iguana (shapeshifter) (Abyss:2)
  A lightning spire (Abyss:5)
  3 worker ants
  16 hell rats
  5 troll simulacra
  A spriggan simulacrum (Depths:3)
  A wolf simulacrum (IceCv)
  A tengu zombie (Coc:6)
  A centaur simulacrum (IceCv)
  2 crocodile zombies (Lair:3)
  A hound skeleton (D:8)
  A mummy (Coc:7)
  A worker ant zombie (D:5)
  Robin (D:4)
  14 adders
  A howler monkey skeleton (D:7)
  3 naga simulacra (IceCv)
  2 ogre simulacra
  2 river rats (Sewer)
  5 shadow imps
  27 white imps
  13 ufetubi
  11 oozes
  An adder skeleton (D:5)
  5 worms
  2 dart slugs
  9 leopard geckos
  93 orcs
  10 bats
  13 giant cockroaches
  17 goblins
  10 hobgoblins
  10 jackals
  5 quokkas
  8 ball pythons
  5 frilled lizards
  36 kobolds
  An orc zombie (Coc:2)
  26 rats
  19 briar patches
  A crawling corpse (Depths:4)
  A fungus (Lair:1)
  4 lurking horrors
  14 starspawn tentacles
  5 tentacles (Abyss:4)
3530 creatures vanquished.

Vanquished Creatures (collateral kills)
  Arachne (Spider:3)
  A thorn hunter (Swamp:4)
  A yaktaur skeleton (Vaults:5)
  A troll (Orc:2)
  An orc warrior (Orc:1)
  An orc wizard (Orc:1)
  4 orcs
10 creatures vanquished.

Vanquished Creatures (others)
  A lich (Abyss:3)
  An elemental wellspring (Coc:5)
  A hydra skeleton (Swamp:4)
  An ice dragon (Coc:7)
  A wizard (D:12)
  A stone giant skeleton (Vaults:5)
  A spiny frog (Swamp:4)
  A yaktaur zombie (Vaults:5)
  A yaktaur (Depths:2)
  A troll (D:13)
  A redback (Spider:1)
  A tarantella (Spider:4)
  5 flying skulls
  An ogre (Vaults:5)
  2 boggarts
  A killer bee (D:13)
  3 wights
  An ufetubus (Abyss:4)
  A worm (shapeshifter) (Vaults:5)
  A briar patch (Swamp:3)
  A crawling corpse (Elf:3)
  27 fungi
  2 lurking horrors
  58 plants
  18 starspawn tentacles
  25 tentacles
  8 toadstools (D:2)
166 creatures vanquished.

Grand Total: 3706 creatures vanquished

Notes
Turn   | Place    | Note
-------+----------+-------------------------------------------
     0 | D:1      | DearestLeader the Demonspawn Gladiator began the quest for
                  | the Orb.
     0 | D:1      | Reached XP level 1. HP: 16/16 MP: 1/1
    79 | D:1      | Gained mutation: You have sharp fingernails. [demonic
                  | ancestry]
    79 | D:1      | Reached XP level 2. HP: 23/23 MP: 2/2
   682 | D:1      | Gained mutation: Your movements are slightly less
                  | encumbered by armour. (ER -2) [demonic ancestry]
   682 | D:1      | Reached XP level 3. HP: 24/28 MP: 3/3
  1220 | D:2      | Reached skill level 1 in Armour
  1220 | D:2      | Gained mutation: You are immune to rotting. [demonic
                  | ancestry]
  1220 | D:2      | Reached XP level 4. HP: 22/35 MP: 4/4
  1253 | D:2      | Gained mutation: You may emit foul miasma when damaged in
                  | melee. [demonic ancestry]
  1253 | D:2      | Reached XP level 5. HP: 17/41 MP: 5/5
  2222 | D:2      | Noticed Jessica
  2243 | D:2      | Killed Jessica
  2512 | D:3      | Noticed Ijyb
  2526 | D:3      | Killed Ijyb
  3106 | D:3      | Gained mutation: Your movements are less encumbered by
                  | armour. (ER -4) [demonic ancestry]
  3106 | D:3      | Reached XP level 6. HP: 37/48 MP: 6/6
  3221 | D:3      | Found a runed translucent door.
  3222 | D:3      | Noticed Crazy Yiuf
  3388 | D:3      | Killed Crazy Yiuf
  3684 | D:4      | Noticed Robin
  3729 | D:4      | Killed Robin
  4000 | D:4      | Found a glowing drain.
  4011 | Sewer    | Entered a sewer
  4407 | Sewer    | Gained mutation: You have very sharp fingernails. [demonic
                  | ancestry]
  4407 | Sewer    | Reached XP level 7. HP: 54/55 MP: 7/7
  4934 | D:4      | Found an opulent altar of Gozag.
  5010 | D:4      | Reached skill level 5 in Armour
  5510 | D:5      | Entered Level 5 of the Dungeon
  5528 | D:5      | Reached skill level 5 in Fighting
  5528 | D:5      | Reached skill level 5 in Dodging
  5689 | D:5      | Noticed Blork the orc
  5706 | D:5      | Killed Blork the orc
  5724 | D:5      | Gained mutation: You regenerate a little health from kills.
                  | [demonic ancestry]
  5724 | D:5      | Reached XP level 8. HP: 47/62 MP: 8/8
  5788 | D:5      | Reached skill level 1 in Maces & Flails
  6452 | D:5      | Noticed Eustachio
  6593 | D:5      | Killed Eustachio
  6743 | D:5      | Noticed Dowan
  6744 | D:5      | Noticed Duvessa
  6782 | D:5      | Killed Duvessa
  6809 | D:5      | Killed Dowan
  7277 | D:6      | Found a sacrificial altar of Ru.
  7315 | D:6      | Gained mutation: You regenerate health from kills. [demonic
                  | ancestry]
  7315 | D:6      | Reached XP level 9. HP: 63/69 MP: 9/9
  7358 | D:6      | Found Qithrem's Food Emporium.
  7470 | D:6      | Found a snail-covered altar of Cheibriados.
  7614 | D:6      | Found an ornate altar of the Wu Jian Council.
  7614 | D:6      | Found a radiant altar of Vehumet.
  7621 | D:6      | Found a bloodstained altar of Trog.
  7623 | D:6      | Found a burning altar of Makhleb.
  7847 | D:6      | Found a staircase to the Ecumenical Temple.
  7852 | Temple   | Entered the Ecumenical Temple
  7859 | Temple   | Became a worshipper of Qazlal Stormbringer
  8519 | D:7      | Reached * piety under Qazlal
  9073 | D:8      | Gained mutation: You have claws for hands. [demonic
                  | ancestry]
  9073 | D:8      | Reached XP level 10. HP: 72/82 MP: 8/10
  9473 | D:9      | Reached skill level 1 in Unarmed Combat
  9724 | D:9      | Reached skill level 2 in Unarmed Combat
  9759 | D:9      | Reached skill level 3 in Unarmed Combat
  9896 | D:9      | Reached ** piety under Qazlal
 10052 | D:9      | Found a runed translucent door.
 10052 | D:9      | Noticed DearestLeader's ghost (journeyman DsGl)
 10148 | D:9      | Reached skill level 4 in Unarmed Combat
 10344 | D:9      | Found a staircase to the Orcish Mines.
 10401 | D:9      | Found a sparkling altar of Nemelex Xobeh.
 10892 | D:9      | Reached skill level 5 in Unarmed Combat
 10909 | D:10     | Entered Level 10 of the Dungeon
 10935 | D:10     | Paralysed by a hornet for 2 turns
 10943 | D:10     | Noticed a two-headed ogre
 11657 | D:10     | Noticed Maggie
 11704 | D:10     | Reached skill level 6 in Unarmed Combat
 11876 | D:10     | Killed a two-headed ogre
 11876 | D:10     | Gained mutation: Your movements are significantly less
                  | encumbered by armour. (ER -6) [demonic ancestry]
 11876 | D:10     | Reached XP level 11. HP: 59/87 MP: 6/11
 11946 | D:10     | Noticed a catoblepas
 12005 | D:10     | Paralysed by Maggie for 2 turns
 12018 | D:10     | Killed a catoblepas
 12018 | D:10     | Reached skill level 7 in Unarmed Combat
 12023 | D:10     | Killed Maggie
 12605 | D:11     | Reached skill level 8 in Unarmed Combat
 12613 | D:11     | Found a staircase to the Lair.
 13097 | D:11     | Reached *** piety under Qazlal
 13248 | Lair:1   | Entered Level 1 of the Lair of Beasts
 13257 | Lair:1   | Reached skill level 10 in Armour
 13257 | Lair:1   | Reached skill level 9 in Unarmed Combat
 13429 | Lair:1   | Noticed a seven-headed hydra
 13455 | Lair:1   | Killed a seven-headed hydra
 14561 | Lair:2   | Found a hole to the Spider Nest.
 14569 | Lair:2   | Reached skill level 10 in Unarmed Combat
 14579 | Lair:2   | Gained mutation: Your flesh is heat resistant. (rF+)
                  | [demonic ancestry]
 14579 | Lair:2   | Reached XP level 12. HP: 94/94 MP: 12/12
 14796 | Lair:2   | Found a runed translucent gate.
 14797 | Lair:2   | Found a runed translucent gate.
 14799 | Lair:2   | Found a runed translucent gate.
 14800 | Lair:2   | Noticed generaletaddeo's ghost (novice VSCj)
 15341 | Lair:3   | Noticed a seven-headed hydra
 15352 | Lair:3   | Killed an eight-headed hydra
 15352 | Lair:3   | Reached skill level 1 in Invocations
 16269 | Lair:3   | Reached skill level 1 in Shields
 16281 | Lair:3   | Reached **** piety under Qazlal
 16303 | Lair:3   | Found a staircase to the Swamp.
 17065 | Lair:4   | Noticed a seven-headed hydra
 17108 | Lair:3   | Reached skill level 11 in Unarmed Combat
 17252 | Lair:4   | Killed a seven-headed hydra
 17593 | Lair:4   | Noticed a death yak
 17594 | Lair:4   | Noticed a death yak
 17595 | Lair:4   | Noticed a death yak
 17596 | Lair:4   | Noticed a death yak
 17596 | Lair:4   | Noticed a death yak
 17596 | Lair:4   | Noticed a death yak
 17629 | Lair:3   | Killed a death yak
 17629 | Lair:3   | Reached skill level 5 in Invocations
 17659 | Lair:3   | Killed a death yak
 17662 | Lair:3   | Killed a death yak
 17694 | Lair:3   | Killed a death yak
 17700 | Lair:3   | Killed a death yak
 17750 | Lair:4   | Killed a death yak
 17750 | Lair:4   | Gained mutation: You are immune to clouds of flame.
                  | [demonic ancestry]
 17750 | Lair:4   | Reached XP level 13. HP: 51/99 MP: 9/17
 18548 | Lair:5   | Reached skill level 5 in Shields
 19437 | Lair:6   | Entered Level 6 of the Lair of Beasts
 19478 | Lair:6   | Reached skill level 12 in Unarmed Combat
 19994 | Lair:6   | Found a viscous altar of Jiyva.
 19995 | Lair:6   | Found a staircase to the Slime Pits.
 20386 | Lair:6   | Reached ***** piety under Qazlal
 20775 | Lair:6   | Noticed Snorg
 20792 | Lair:6   | Killed Snorg
 20793 | Lair:6   | Reached skill level 13 in Unarmed Combat
 21035 | Lair:6   | Found a runed translucent door.
 21036 | Lair:6   | Noticed a fire dragon
 21047 | Lair:6   | Gained mutation: You frequently emit foul miasma when
                  | damaged in melee. [demonic ancestry]
 21047 | Lair:6   | Reached XP level 14. HP: 87/106 MP: 14/20
 21051 | Lair:6   | Paralysed by a hornet for 1 turns
 22207 | Orc:1    | Entered Level 1 of the Orcish Mines
 22231 | Orc:1    | Noticed an orc warlord
 22268 | Orc:1    | Killed an orc warlord
 22741 | Orc:2    | Entered Level 2 of the Orcish Mines
 22769 | Orc:2    | Paralysed by an orc sorcerer for 7 turns
 23032 | Orc:2    | Paralysed by an orc sorcerer for 7 turns
 23067 | Orc:2    | Found a roughly hewn altar of Beogh.
 23075 | Orc:2    | Noticed an orc warlord
 23086 | Orc:2    | Found a staircase to the Elven Halls.
 23099 | Orc:2    | Killed an orc warlord
 23382 | Orc:2    | Found a roughly hewn altar of Beogh.
 23382 | Orc:2    | Found Plog's Antique Armour Shop.
 23388 | Orc:2    | Found Elijudd's Antique Weapon Boutique.
 23438 | Orc:2    | Found a roughly hewn altar of Beogh.
 23466 | Orc:2    | Found a roughly hewn altar of Beogh.
 23467 | Orc:2    | Found Coga's Armour Emporium.
 23475 | Orc:2    | Bought a +1 helmet of intelligence for 264 gold pieces
 23543 | Orc:2    | Found a roughly hewn altar of Beogh.
 23704 | Orc:2    | Found a roughly hewn altar of Beogh.
 23708 | Orc:2    | Found Romp's Magic Scroll Boutique.
 23713 | Orc:2    | Bought a scroll of enchant weapon for 135 gold pieces
 23713 | Orc:2    | Bought a scroll of blinking for 135 gold pieces
 23713 | Orc:2    | Bought a scroll of summoning for 171 gold pieces
 23943 | D:12     | Reached skill level 10 in Invocations
 24305 | D:12     | Noticed Sonja
 24318 | D:12     | Killed Sonja
 24334 | D:12     | Reached skill level 14 in Unarmed Combat
 24715 | D:12     | Found a bloodstained altar of Trog.
 25476 | D:13     | Noticed Azrael
 25488 | D:13     | Killed Azrael
 25683 | D:13     | Reached XP level 15. HP: 104/112 MP: 21/23
 25722 | D:13     | Found a gate to the Vaults.
 25857 | D:13     | Reached ****** piety under Qazlal
 26774 | D:14     | You fall into a shaft and drop 1 floor!
 26774 | D:15     | Entered Level 15 of the Dungeon
 27149 | D:15     | Found Loafeach's Distillery.
 27159 | D:15     | Bought a potion of heal wounds for 75 gold pieces
 27159 | D:15     | Bought a potion of mutation for 120 gold pieces
 27177 | D:15     | Reached skill level 10 in Dodging
 27226 | D:15     | Found a gate leading to a gauntlet.
 27257 | D:15     | Found a staircase to the Depths.
 27363 | D:15     | Found a blossoming altar of Fedhas.
 27874 | Swamp:1  | Entered Level 1 of the Swamp
 27903 | Swamp:1  | Noticed a thorn hunter
 28022 | Swamp:1  | Killed a thorn hunter
 28022 | Swamp:1  | Reached skill level 15 in Unarmed Combat
 28638 | Swamp:1  | Noticed Josephine
 28662 | Swamp:1  | Killed Josephine
 29292 | Swamp:2  | Noticed Jorgrun
 29362 | Swamp:2  | Killed Jorgrun
 29718 | Swamp:2  | Gained mutation: You regenerate a lot of health from kills.
                  | [demonic ancestry]
 29718 | Swamp:2  | Reached XP level 16. HP: 107/118 MP: 25/25
 30443 | Swamp:3  | Identified a scroll of acquirement
 30444 | Swamp:3  | Acquired the +4 plate armour of Atheism {rF+ Str+3}
 30496 | Swamp:3  | Noticed a thorn hunter
 30500 | Swamp:3  | Found a frozen archway.
 30510 | IceCv    | Entered an ice cave
 31230 | IceCv    | Reached skill level 16 in Unarmed Combat
 31544 | Swamp:3  | Killed a thorn hunter
 32545 | Swamp:4  | Entered Level 4 of the Swamp
 32956 | Swamp:4  | Paralysed by a vampire knight for 2 turns
 33197 | Swamp:4  | Noticed a thorn hunter
 33209 | Swamp:4  | Killed a thorn hunter
 33926 | Swamp:4  | Found a blossoming altar of Fedhas.
 33971 | Swamp:4  | Found a basalt altar of Yredelemnul.
 33983 | Swamp:4  | Got a decaying rune of Zot
 34298 | Spider:1 | Entered Level 1 of the Spider Nest
 34305 | Spider:1 | Reached XP level 17. HP: 124/124 MP: 27/27
 35130 | Spider:1 | Reached skill level 17 in Unarmed Combat
 35182 | Spider:1 | Noticed Agnes
 35192 | Spider:1 | Killed Agnes
 36054 | Spider:2 | Noticed Donald
 36068 | Spider:2 | Killed Donald
 37041 | Spider:2 | Noticed Louise
 37064 | Spider:2 | Killed Louise
 37791 | Spider:3 | Noticed Arachne
 37810 | Spider:3 | Killed Arachne
 37817 | Spider:3 | Noticed Nikola
 37840 | Spider:3 | Killed Nikola
 38318 | Spider:3 | Acquired 2800 gold pieces
 38670 | Spider:4 | Entered Level 4 of the Spider Nest
 38756 | Spider:4 | Noticed Mara
 38763 | Spider:4 | Noticed DearestLeader's illusion
 38772 | Spider:4 | Noticed Aizul
 38810 | Spider:4 | Reached skill level 18 in Unarmed Combat
 38810 | Spider:4 | Reached XP level 18. HP: 97/130 MP: 0/28
 38823 | Spider:4 | Reached skill level 15 in Armour
 39032 | Spider:4 | Killed Aizul
 39767 | Spider:4 | Got a gossamer rune of Zot
 39971 | Spider:4 | Noticed DearestLeader's illusion
 39980 | Spider:4 | Killed Mara
 40544 | Vaults:1 | Entered Level 1 of the Vaults
 41153 | Vaults:1 | Reached skill level 19 in Unarmed Combat
 41153 | Vaults:1 | Reached XP level 19. HP: 136/136 MP: 29/29
 41762 | Vaults:1 | Reached XP level 20. HP: 139/143 MP: 30/30
 41852 | Vaults:1 | Identified the cursed +0 hunting sling of Devotion {flame,
                  | *Contam rElec MR++}
 42201 | Vaults:1 | Found Jiwun's Book Shop.
 42240 | Vaults:1 | Found a shattered altar of Ashenzari.
 42964 | Vaults:2 | Found Ucowoemeorgh's Assorted Antiques.
 42972 | Vaults:2 | Bought a scroll of enchant armour for 285 gold pieces
 43099 | Vaults:2 | Reached skill level 20 in Unarmed Combat
 43176 | Vaults:2 | Found a huge runed gate.
 43177 | Vaults:2 | Found a huge runed gate.
 43178 | Vaults:2 | Found a huge runed gate.
 43179 | Vaults:2 | Found a huge runed gate.
 43179 | Vaults:2 | Found a huge runed gate.
 43179 | Vaults:2 | Found a huge runed gate.
 43179 | Vaults:2 | Found a huge runed gate.
 43200 | Vaults:2 | Found a huge runed gate.
 43200 | Vaults:2 | Found a huge runed gate.
 43200 | Vaults:2 | Found a huge runed gate.
 43201 | Vaults:2 | Found a huge runed gate.
 43201 | Vaults:2 | Found a huge runed gate.
 43202 | Vaults:2 | Found a huge runed gate.
 43208 | Vaults:2 | Found a huge runed gate.
 43216 | Vaults:2 | Found a huge runed gate.
 43414 | Vaults:2 | Found a huge runed gate.
 43414 | Vaults:2 | Found a huge runed gate.
 43414 | Vaults:2 | Found a huge runed gate.
 43415 | Vaults:2 | Found a huge runed gate.
 43416 | Vaults:2 | Found a huge runed gate.
 43417 | Vaults:2 | Found a huge runed gate.
 43418 | Vaults:2 | Found a huge runed gate.
 43419 | Vaults:2 | Found a huge runed gate.
 43420 | Vaults:2 | Found a huge runed gate.
 43479 | Vaults:2 | Found a huge runed gate.
 43479 | Vaults:2 | Found a huge runed gate.
 43479 | Vaults:2 | Found a huge runed gate.
 43479 | Vaults:2 | Found a huge runed gate.
 43479 | Vaults:2 | Found a huge runed gate.
 43479 | Vaults:2 | Found a huge runed gate.
 43480 | Vaults:2 | Found a huge runed gate.
 43481 | Vaults:2 | Found a huge runed gate.
 43482 | Vaults:2 | Found a huge runed gate.
 43491 | Vaults:2 | Found a huge runed gate.
 43491 | Vaults:2 | Found a huge runed gate.
 43491 | Vaults:2 | Found a huge runed gate.
 43963 | Vaults:3 | Reached skill level 10 in Fighting
 44088 | Vaults:3 | Found a staircase to the Crypt.
 44165 | Vaults:3 | Found a runed translucent door.
 44165 | Vaults:3 | Noticed Xafer's ghost (adept DsGl)
 44464 | Vaults:3 | Found a snail-covered altar of Cheibriados.
 44663 | Vaults:3 | Reached XP level 21. HP: 147/154 MP: 28/31
 45414 | D:9      | Killed DearestLeader's ghost
 46053 | Vaults:4 | Found a portal to a secret trove of treasure.
 46300 | Vaults:4 | Identified The Foundations of Casting
 46710 | Vaults:5 | Entered Level 5 of the Vaults
 46715 | Vaults:5 | Reached skill level 21 in Unarmed Combat
 46967 | Vaults:4 | Reached skill level 15 in Dodging
 47469 | Vaults:5 | Noticed a golden dragon
 47896 | Vaults:4 | Gained mutation: You can hurl damnation. [demonic ancestry]
 47896 | Vaults:4 | Reached XP level 22. HP: 102/165 MP: 21/32
 48236 | Vaults:4 | Killed a golden dragon
 48978 | Vaults:5 | Got a silver rune of Zot
 48983 | Vaults:5 | Identified the ring of Xucoalura {+Blink MP+9 Str+6}
 49253 | Vaults:5 | Found the +9 staff of Olgreb {rPois∞}
 50071 | Depths:1 | Entered Level 1 of the Depths
 50241 | Depths:1 | Reached skill level 22 in Unarmed Combat
 50725 | Depths:1 | Found a gateway to Hell.
 50812 | Depths:1 | Noticed an ancient lich
 50830 | Depths:1 | Killed an ancient lich
 50834 | Depths:1 | Found a shimmering blue altar of Sif Muna.
 50953 | Depths:1 | Identified the Tome of Flight and Changing
 50971 | Depths:1 | Identified the Papyrus of Fire and the Rocks
 51071 | Depths:1 | Identified the Papyrus of the Dusty Blaze
 51088 | Depths:1 | Identified the Reference Book on Floating Execration
 51466 | Depths:2 | Cast into level 2 of the Abyss (hell knight)
 51635 | Abyss:2  | Reached XP level 23. HP: 175/175 MP: 33/33
 51924 | Abyss:2  | Found a corrupted altar of Lugonu.
 52124 | Abyss:2  | Gained mutation: You are weak. (Str -2) [a neqoxec]
 52145 | Abyss:2  | Paralysed by accursed screaming for 1 turns
 52466 | Abyss:3  | Paralysed by accursed screaming for 2 turns
 53048 | Abyss:4  | Reached skill level 23 in Unarmed Combat
 53326 | Abyss:4  | Paralysed by accursed screaming for 1 turns
 53392 | Abyss:5  | Entered Level 5 of the Abyss
 53467 | Abyss:5  | Reached XP level 24. HP: 163/185 MP: 22/33
 53502 | Abyss:5  | Got an abyssal rune of Zot
 53510 | Depths:2 | Escaped the Abyss
 54019 | Depths:2 | Found a one-way gate leading to the halls of Pandemonium.
 54445 | Depths:2 | Found a gateway to a ziggurat.
 55588 | Depths:3 | Reached skill level 15 in Fighting
 55678 | Depths:3 | Acquired the ring of the Sparrow {rPois rF+ rN+ Int+4}
 55684 | Depths:3 | Acquired 620 gold pieces
 56004 | Depths:3 | Reached skill level 24 in Unarmed Combat
 56019 | Depths:3 | Found a one-way gate to the infinite horrors of the Abyss.
 56227 | Depths:3 | Noticed an ancient lich
 56234 | Depths:3 | Killed an ancient lich
 56767 | Depths:3 | Reached XP level 25. HP: 195/195 MP: 33/33
 57300 | Depths:4 | Reached XP level 26. HP: 200/202 MP: 33/33
 57662 | Depths:4 | Noticed the Enchantress
 57693 | Depths:3 | Killed the Enchantress
 58068 | Depths:4 | You fall into a shaft and drop 1 floor!
 58068 | Depths:5 | Entered Level 5 of the Depths
 58095 | Depths:5 | Noticed Boris
 58120 | Depths:5 | Noticed Jory
 58134 | Depths:5 | Paralysed by a lich for 5 turns
 59005 | Depths:4 | Reached skill level 25 in Unarmed Combat
 59026 | Depths:4 | Killed Boris
 59077 | Depths:5 | Killed Jory
 59339 | Depths:5 | Reached XP level 27. HP: 186/210 MP: 33/33
 59494 | Depths:5 | Found a gate to the Realm of Zot.
 59627 | Depths:5 | Found Mbianitti's Merry Market.
 60291 | Elf:1    | Entered Level 1 of the Elven Halls
 60749 | Elf:1    | Found Naeweh Jisi's Antique Weapon Shop.
 61222 | Elf:2    | Identified the Guide on the Arsonist
 61476 | Elf:2    | Found a runed translucent gate.
 61476 | Elf:2    | Found a runed translucent gate.
 61555 | Elf:2    | Found a runed translucent gate.
 61661 | Elf:2    | Acquired 470 gold pieces
 62182 | Elf:3    | Entered Level 3 of the Elven Halls
 62699 | Elf:3    | Reached skill level 26 in Unarmed Combat
 62760 | Elf:3    | Found Ylluon's Distillery.
 62770 | Elf:3    | Bought a potion of curing for 36 gold pieces
 62770 | Elf:3    | Bought a potion of resistance for 120 gold pieces
 62770 | Elf:3    | Bought a potion of heal wounds for 60 gold pieces
 62882 | Elf:3    | Identified the +8 halberd of Wu Jian's Envy {drain, *Noise
                  | rPois Int+6}
 62937 | Elf:3    | Identified the +11 glaive of Sudden Death {vorpal, rPois}
 62969 | Elf:3    | Identified the ring "Xuinuveo" {MR+ Str+4 Stlth+}
 62972 | Elf:3    | Identified the +9 morningstar of the Pariah {freeze, +Rage
                  | rF+ Int-4}
 62972 | Elf:3    | Identified the cursed +0 robe of Depression {Stlth+}
 62972 | Elf:3    | Identified the ring of Henurcheagi {+Blink rC+ Slay+3}
 63245 | Elf:3    | Identified the Volume of Summoning and Aid
 63690 | Slime:1  | Entered Level 1 of the Pits of Slime
 64303 | Slime:5  | Entered Level 5 of the Pits of Slime
 64307 | Slime:5  | Paralysed by a floating eye for 2 turns
 64313 | Slime:5  | Noticed the Royal Jelly
 64730 | Slime:5  | Killed the Royal Jelly
 64879 | Slime:4  | Gained mutation: You are frail. (-10% HP) [a shining eye]
 64882 | Slime:4  | Gained mutation: You tend to lose your temper in combat. [a
                  | shining eye]
 65793 | Slime:5  | Found the +2 robe of Vines {NoPotionHeal Regen+7}
 65808 | Slime:5  | Got a slimy rune of Zot
 65810 | Slime:5  | Got a warped pewter ring
 65811 | Slime:5  | Identified the ring of Xom's Recklessness {rN+ SInv} (You
                  | found it on level 5 of the Pits of Slime)
 65908 | Slime:5  | Gained mutation: You are clumsy. (Dex -2) [a shining eye]
 65911 | Slime:5  | Gained mutation: You are dopey. (Int -2) [a shining eye]
 66056 | Slime:5  | Lost mutation: You are clumsy. (Dex -2) [potion of
                  | mutation]
 66056 | Slime:5  | Lost mutation: You tend to lose your temper in combat.
                  | [potion of mutation]
 66056 | Slime:5  | Gained mutation: Scrolls take you a little longer to read.
                  | [potion of mutation]
 66056 | Slime:5  | Gained mutation: Your spells are a little harder to cast,
                  | but a little more powerful. [potion of mutation]
 66057 | Slime:5  | Lost mutation: Your spells are a little harder to cast, but
                  | a little more powerful. [potion of mutation]
 66057 | Slime:5  | Lost mutation: You are dopey. (Int -2) [potion of mutation]
 66057 | Slime:5  | Lost mutation: Scrolls take you a little longer to read.
                  | [potion of mutation]
 66057 | Slime:5  | Gained mutation: You are agile. (Dex +2) [potion of
                  | mutation]
 66057 | Slime:5  | Gained mutation: You are somewhat resistant to further
                  | mutation. [potion of mutation]
 66058 | Slime:5  | Lost mutation: You are frail. (-10% HP) [potion of
                  | mutation]
 66058 | Slime:5  | Lost mutation: You are somewhat resistant to further
                  | mutation. [potion of mutation]
 66058 | Slime:5  | Lost mutation: You are weak. (Str -2) [potion of mutation]
 66058 | Slime:5  | Gained mutation: You have a pair of small antennae on your
                  | head. [potion of mutation]
 66058 | Slime:5  | Gained mutation: Your muscles are strong. (Str +2) [potion
                  | of mutation]
 66059 | Slime:5  | Lost mutation: Your muscles are strong. (Str +2) [potion of
                  | mutation]
 66059 | Slime:5  | Lost mutation: You are agile. (Dex +2) [potion of mutation]
 66059 | Slime:5  | Lost mutation: You have a pair of small antennae on your
                  | head. [potion of mutation]
 66059 | Slime:5  | Gained mutation: You have a pair of small horns on your
                  | head. [potion of mutation]
 66059 | Slime:5  | Gained mutation: You expend magic power (3 MP) to
                  | strengthen your wands. [potion of mutation]
 66059 | Slime:5  | Gained mutation: You passively map a small area around you.
                  | [potion of mutation]
 66059 | Slime:5  | Gained mutation: You are agile. (Dex +2) [potion of
                  | mutation]
 66728 | Hell     | Entered the Vestibule of Hell
 66728 | Hell     | Noticed Murray
 66728 | Hell     | Noticed Geryon
 66760 | Hell     | Found a gateway to the Iron City of Dis.
 67142 | Hell     | Killed Murray
 67212 | Hell     | HP: 10/210 [hell beast[Geryon] (4)]
 67212 | Hell     | HP: 3/210 [hell beast[Geryon] (6)]
 67324 | Hell     | Killed Geryon
 67698 | Hell     | Found a gateway to the freezing wastes of Cocytus.
 67755 | Hell     | Found a gateway to the ashen valley of Gehenna.
 67830 | Hell     | Found a gateway to the decaying netherworld of Tartarus.
 68029 | Geh:1    | Entered Level 1 of Gehenna
 68031 | Geh:1    | Reached skill level 27 in Unarmed Combat
 68896 | Geh:7    | Entered Level 7 of Gehenna
 69651 | Geh:7    | Identified the cursed ring "Lypueweg" {EV-4 Slay+2}
 69668 | Geh:7    | Identified the +2 kite shield of Tankaopu {+Inv rN+ rCorr
                  | Dex-3}
 69746 | Geh:7    | Identified the +7 sceptre of Asmodeus
 69746 | Geh:7    | Noticed Asmodeus
 70110 | Geh:7    | Identified the ring "Foamod" {rPois rC++ MR+ SInv}
 70134 | Geh:7    | Killed Asmodeus
 70151 | Geh:7    | Got a wavering pewter ring
 70152 | Geh:7    | Identified the ring "Nohekir" {Fire Dex+3 Stlth+} (You
                  | found it on level 7 of Gehenna)
 70159 | Geh:7    | Got an obsidian rune of Zot
 70173 | Geh:7    | Reached skill level 15 in Invocations
 70269 | Geh:7    | Cast into level 2 of the Abyss (red devil)
 70323 | Geh:7    | Escaped the Abyss
 70489 | Coc:1    | Entered Level 1 of Cocytus
 71057 | Coc:5    | Noticed an ancient lich
 71063 | Coc:5    | Killed an ancient lich
 71152 | Coc:5    | HP: 8/224 [shard shrike (12)]
 71157 | Coc:5    | HP: 6/224 [blizzard demon/the air (6)]
 71551 | Coc:7    | Entered Level 7 of Cocytus
 71967 | Coc:7    | HP: 4/227 [blizzard demon/bolt of lightning (12)]
 71981 | Coc:7    | HP: 3/227 [Ice Fiend (10)]
 71981 | Coc:7    | Slain by an Ice Fiend

Illustrated notes

Levels and vault maps discovered:
D:1:      minmay_arrival_plants_in_alcoves, layout_loops_ring,
          minmay_misc_feat_rows
D:2:      cheibrodos_fertilizer, layout_loops_corners, uniq_jessica
D:3:      layout_loops_ring, uniq_crazy_yiuf_cottage, uniq_ijyb
D:4:      layout_basic, kennysheep_mini, gup_sewer_entry_pipe, first_ration,
          serial_forest, infiniplex_forest_clump_double,
          infiniplex_forest_clump_curved, infiniplex_forest_3_way,
          infiniplex_forest_lined_4_way, infiniplex_forest_clump_tiny,
          uniq_robin
D:5:      layout_gridville, chequers_serial_rivers_small_3, serial_bayou_lake_a,
          uniq_blork_the_orc, uniq_duvessa, uniq_eustachio
D:6:      layout_gridville, minitemple, nicolae_ru_awakened_eye,
          marbit_many_paths, minmay_temple_entry_nine_rooms, serial_shops, shop,
          minmay_crystal_water
D:7:      layout_rooms, grunt_livestock, supply_closet_lemuel
D:8:      layout_basic
D:9:      layout_irregular_city, minmay_orc_entry_guard_dogs,
          ebering_ghost_reflecting_pool, basic_altar
D:10:     layout_rooms, uniq_maggie
D:11:     layout_rooms, lair_entry_dummy
D:12:     layout_loops_cross, trog_wizard, uniq_sonja
D:13:     layout_roguey, david_vaults_4, uniq_azrael
D:14:     layout_basic, hex_intersection
D:15:     hangedman_depths_entry_try_elsewhere_first, layout_irregular_city,
          fedhas_altar_3, gauntlet_entry_generic, serial_shops,
          nicolae_shop_trees, grunt_decor_mini_mirrors
Temple:   minmay_freezing_vapour_temple
Lair:1:   layout_cave_pods
Lair:2:   layout_regular_city, nicolae_spider_entry_non_spiders,
          ebering_ghost_rock_garden
Lair:3:   pond_and_an_island_with_a_cottage, layout_layer_cave,
          nicolae_swamp_entry_splash_gauntlet, st_stairs_6, lemuel_fruit_tree
Lair:4:   layout_cave_pods
Lair:5:   layout_cave_pods
Lair:6:   hangedman_lair_caniforms_friends, layout_layer_cave, wormcave,
          slime_altar_1, minivault_11, uniq_snorg
Swamp:1:  layout_falls_marsh, serial_swamp_ruin, evilmike_swamp_ruin_rubble_2,
          evilmike_swamp_ruin_house_1, evilmike_swamp_ruin_house_6, swamp_pool5,
          hangedman_swamp_ravenous, uniq_josephine
Swamp:2:  layout_basic_swamp, evilmike_swamp_ruin_house_4, uniq_jorgrun
Swamp:3:  layout_falls_marsh, portal_ice_cave_entry_pillars_three,
          evilmike_swamp_ruin_rubble_1
Swamp:4:  byrel_swamp_growth_death_and_undeath, layout_basic_swamp, swamp_pool1
Spider:1: layout_spider_delve, hangedman_spider_tarantella_strand, uniq_agnes
Spider:2: layout_chambers, nicolae_spider_cling_halls, uniq_louise, uniq_donald
Spider:3: layout_spider_delve, uniq_arachne, uniq_nikola
Spider:4: grunt_spider_rune_circles, uniq_aizul, uniq_mara
Slime:1:  layout_caves
Slime:2:  layout_caves
Slime:3:  layout_caves, cheibrodos_slime_lost_civilization_7
Slime:4:  layout_caves
Slime:5
Orc:1:    layout_caves
Orc:2:    grunt_orc_community_town_hall, layout_diamond_mine,
          grunt_orc_community_big_house_2, grunt_orc_community_big_house_1,
          grunt_orc_community_house_1, grunt_orc_community_house_2,
          grunt_orc_community_house_3, grunt_orc_community_house_3
Elf:1:    minmay_elf_arrival_circle, layout_geoelf_octagon, serial_shops, shop
Elf:2:    layout_onion_city, hangedman_research_pyrotechnics
Elf:3:    elf_hall, layout_geoelf_grid, serial_shops, shop
Vaults:1: nicolae_vaults_three_branches, v_misc_17,
          nicolae_vaults_fighting_squares, vaults_room_grid, v_misc_23,
          grunt_vaults_twisty, nicolae_vaults_little_squares_2, v_misc_31,
          layout_vaults_quadrants, basic_altar, serial_shops, nicolae_shop_trees
Vaults:2: v_alt_pattern_5, vaults_door_vault, ontoclasm_vaults_shuriken,
          v_misc_4, hangedman_vaults_river_flow, v_alt_pattern_2, v_misc_2,
          v_misc_10, hangedman_vaults_corner_blocks, vaults_room_semicircle,
          nicolae_vaults_angled_halls, layout_vaults_maze, serial_shops,
          nicolae_shop_stone
Vaults:3: ebering_vaults_ghost_inner_flame, nicolae_vaults_little_squares_6,
          ontoclasm_vaults_fault, nicolae_vaults_little_squares_2, v_misc_10,
          hangedman_vaults_nails, vaults_standard_mumra_enter_the_diamond,
          v_pattern_5, grunt_vaults_trifunnel, hangedman_vaults_pinch,
          vaults_room_semicircle, minmay_crypt_entry_simple_sparse,
          layout_vaults_ring, basic_altar
Vaults:4: hangedman_vaults_snaps, nicolae_vaults_ninety_degrees,
          ontoclasm_vaults_eye, nicolae_vaults_holding_cells,
          hangedman_vaults_unwind, v_alt_pattern_1, v_misc_24,
          vaults_room_fancy_cross, nicolae_vaults_little_squares_5,
          hangedman_vaults_maws, vaults_room_semicircle, layout_vaults_omnibox,
          nicolae_trove_entry_path_of_doom
Vaults:5: serial_shops, uniq_margery
Depths:1: evilmike_library_of_no_secrets, layout_long_grid, hell_entry,
          minmay_large_rounded_square, lemuel_old_faithful
Depths:2: minmay_connected_boxes_in_corner, layout_basic, enter_ziggurat_d,
          roderic_lattice_a, grunt_hell_entry_dis_old,
          grunt_pan_entry_in_and_out, st_stairs_8, serial_sigils_hangedman_scar
Depths:3: lemuel_river_lethe, pan_entry, serial_shops, hell_entry, abyss_entry
Depths:4: evilmike_diamond_1, layout_basic, serial_bayou_lagoon_a, pan_entry,
          abyss_entry, hell_entry, serial_bayou_shore_a,
          infiniplex_staircase_9_rooms, uniq_enchantress
Depths:5: grunt_zot_entry_funnels, layout_cave_pools, pf_coc_iceberg, pan_entry,
          abyss_entry, nicolae_alphabet_shops, uniq_boris, uniq_jory
Hell
Geh:1:    layout_gehenna_lava_caves
Geh:2:    layout_gehenna_pools_triple
Geh:3:    layout_gehenna_pools_basic
Geh:4:    layout_gehenna_lava_caves, lemuel_hellish_altar
Geh:5:    layout_gehenna_pools_box
Geh:6:    layout_gehenna_lava_caves
Geh:7:    geh_grunt_pentagon
Coc:1:    layout_cocytus_water_paths
Coc:2:    layout_ice_bergs
Coc:3:    layout_ice_bergs
Coc:4:    layout_ice_bergs
Coc:5:    layout_cocytus_water_paths
Coc:6:    layout_ice_bergs
Coc:7:    coc_dpeg

Skill      XL: |  1  2  3  4  5  6  7  8  9 10 11 12 13 14 15 16 17 18 19 20 21 22 23 24 25 26 27 |
---------------+----------------------------------------------------------------------------------+-----
Dodging        | 3 4 5 6 7 8 9 10 11 12 13 14 15 16 17 18 21 | 21.3
Fighting       | 3 4 5 8 10 11 13 14 15 16 20 | 20.8
Armour         | 1 2 3 4 5 6 7 9 10 11 12 13 14 15 16 17 18 19 22 | 22.5
Maces & Flails | 3 |  3.5
Unarmed Combat | 6 10 11 13 14 15 16 18 19 20 21 22 23 24 25 27 | 27.0
Invocations    | 5 8 10 12 14 16 | 16.9
Shields        | 4 5 |  5.0
Evocations     | 2 |  2.4
Polearms       | |  2.6
Throwing       | |  1.7

Action                   |  1- 3 |  4- 6 |  7- 9 | 10-12 | 13-15 | 16-18 | 19-21 | 22-24 | 25-27 || total
-------------------------+-------+-------+-------+-------+-------+-------+-------+-------+-------++-------
Melee: Trident           |   144 |   223 |       |       |       |       |       |       |       ||   367
       Quarterstaff      |       |   139 |    97 |       |       |       |       |       |       ||   236
       Flail             |       |       |   170 |       |       |       |       |       |       ||   170
       Short sword       |       |       |   264 |   273 |       |       |       |       |       ||   537
       Falchion          |       |       |    33 |       |       |       |       |       |       ||    33
       Battleaxe         |       |       |       |   173 |       |       |       |       |       ||   173
       Punch             |       |       |       |    25 |     8 |   134 |   169 |   251 |   447 ||  1034
       Morningstar       |       |       |       |    34 |     8 |       |       |       |       ||    42
       Unarmed           |       |       |       |   264 |  1612 |  1541 |  1144 |  1942 |  3455 ||  9958
       Headbutt          |       |       |       |       |       |       |       |       |   611 ||   611
Throw: Dart              |       |     4 |       |       |       |       |       |       |       ||     4
Invok: Upheaval          |       |       |       |     7 |    17 |    32 |    11 |    21 |    31 ||   119
       Elemental Force   |       |       |       |       |     2 |     2 |     3 |       |     1 ||     8
       Disaster Area     |       |       |       |       |     1 |     2 |     6 |     4 |    10 ||    23
Evoke: Wand              |       |       |       |       |     6 |    16 |     2 |     5 |    15 ||    44
       Lightning rod     |       |       |       |       |       |    16 |       |     3 |     1 ||    20
  Use: Scroll            |       |     3 |     2 |     5 |    11 |    20 |     3 |    20 |    23 ||    87
       Potion            |       |       |     2 |     7 |     3 |    13 |     2 |     3 |    24 ||    54
 Stab: Sleeping          |     2 |       |       |       |       |       |       |       |       ||     2
       Paralysed         |       |     1 |       |       |       |       |       |       |       ||     1
       Petrified         |       |       |       |     3 |       |       |       |     2 |       ||     5
       Confused          |       |       |       |       |       |     1 |       |       |       ||     1
       Invisible         |       |       |       |       |       |       |       |       |     2 ||     2
  Eat: Chunk             |     1 |    11 |    19 |    25 |    31 |    14 |    19 |    17 |    17 ||   154
       Ration            |       |       |       |     2 |     3 |     7 |     1 |     4 |    10 ||    27
Armor: Leather armour    |    20 |       |       |       |       |       |       |       |       ||    20
       Chain mail        |    28 |   218 |   406 |   356 |       |       |       |       |       ||  1008
       Plate armour      |       |       |       |    73 |   608 |   944 |   433 |    19 |       ||  2077
       Gold dragon scale |       |       |       |       |       |       |       |   887 |  2230 ||  3117
Dodge: Dodged            |    85 |   234 |   545 |   656 |   695 |  1140 |   662 |  1031 |  3348 ||  8396
       Repelled          |       |       |       |     1 |    32 |    29 |    50 |    58 |   130 ||   300
Block: Other             |       |       |     4 |   123 |    45 |   609 |   289 |   508 |  1451 ||  3029
       Buckler           |       |       |       |       |   764 |       |       |       |       ||   764
       Rpst.: Falchion   |       |       |     3 |       |       |       |       |       |       ||     3
